[Event "Early-Titled-Tuesday-Blitz-February-27-2024"]
[Site "Chess.com"]
[Date "2024.02.27"]
[Round "1"]
[White "ukchessbomber"]
[Black "ridnani1"]
[Result "0-1"]
[WhiteElo "2659"]
[BlackElo "2391"]
[TimeControl "180+1"]
[EndTime "8:07:22 PST"]
[Termination "ridnani1 won by resignation"]

1. c4 Nf6 2. Nc3 g6 3. d3 Bg7 4. Nf3 O-O 5. g3 d6 6. Bg2 e5 7. O-O c6 8. Rb1 a5 9. a3 Nbd7 10. b4 axb4 11. axb4 d5 12. b5 dxc4 13. dxc4 Qc7 14.
Be3 Rd8 15. b6 Qb8 16. Qb3 Ng4 17. Bg5 Re8 18. Ne4 Bf8 19. h3 f5 20. c5+ Kg7 21. Nd6 Bxd6 22. cxd6 Ngf6 23. Rfd1 h6 24. Bxf6+ Nxf6 25. Qc3 Nd5 26. Rxd5 cxd5 27. Nxe5 Qxd6 28. Ng4+ d4 29. Qd2 fxg4 30. Rc1 Re7 31. h4 Bf5 32. h5 Qxb6 33. Qf4 Rd8 34. hxg6 Qd6 35. Qxf5 Qxg6 36. Qc5 Rxe2 37. Qc7+ Qf7 38. Kh2 Qxc7 39.
Rxc7+ Kf8 40. Rxb7 d3 41. Bf1 Rxf2+ 42. Kg1 Rxf1+ 43.
Kxf1 d2 0-1

[Event "Early-Titled-Tuesday-Blitz-February-27-2024"]
[Site "Chess.com"]
[Date "2024.02.27"]
[Round "1"]
[White "Chessdreamer2020"]
[Black "HansOnTwitch"]
[Result "1-0"]
[WhiteElo "2556"]
[BlackElo "3148"]
[TimeControl "180+1"]
[EndTime "8:07:23 PST"]
[Termination "Chessdreamer2020 won by resignation"]

1. e4 c5 2. Nf3 d6 3. d4 cxd4 4.
Qxd4 Nf6 5. h3 Nc6 6. Qe3 g6 7.
Be2 Bg7 8. O-O O-O 9. Rd1 Be6 10. c4 Nd7 11. Nc3 Rc8 12. Rb1 Qa5 13. Bd2 Qc5 14.
Nd5 Qxe3 15. Bxe3 Rfe8 16. b3 Nc5 17. Bd3 Nxd3 18. Rxd3 h6 19. Nd4 Bd7 20. f3 f5 21.
Nxc6 bxc6 22. Nf4 Kf7 23. c5 Be5 24. Ne2 g5 25. Bd4 fxe4 26. fxe4 e6 27. Bxe5 dxe5 28. Rxd7+ Kg6 29. Rbd1 a5 30. Ra7 Rcd8 31. Rdd7 Rxd7 32. Rxd7 Rb8 33. Nc3 Rb4 34. Kf2 h5 35. Rd6 Kf7 36.
Rxc6 g4 37. hxg4 hxg4 38. Rb6 Rd4 39. Rd6 Rb4 40. Ke3 Ke7 41. Ra6 Rb8 42. Rxa5 Rf8 43. Ra7+ Kf6 44. c6 Rc8 45. c7 Ke7 46. b4 Kd7 47. b5 1-0

[Event "Early-Titled-Tuesday-Blitz-February-27-2024"]
[Site "Chess.com"]
[Date "2024.02.27"]
[Round "1"]
[White "yosephtaher"]
[Black "m_ezat"]
[Result "1-0"]
[WhiteElo "2927"]
[BlackElo "2510"]
[TimeControl "180+1"]
[EndTime "8:07:23 PST"]
[Termination "yosephtaher won by resignation"]

1. d4 Nf6 2. Nc3 d5 3. Bf4 c5 4.
e4 cxd4 5. Qxd4 Nc6 6. Bb5 Bd7 7.
Bxc6 Bxc6 8. e5 Ne4 9. e6 Qb6 10.
exf7+ Kxf7 11. Qxb6 axb6 12. Nxe4 dxe4 13. Ne2 g6 14.
Be5 Rg8 15. Nc3 Bh6 16. Rd1 Rgd8 17. Bd4 b5 18. a3 Rd7 19. Ke2 Rad8 20. Be3 Rxd1 21.
Rxd1 Rxd1 22. Nxd1 Bg7 23. c3 Bd5 24. Kd2 Be5 25.
h3 Bc4 26. Ke1 Bd6 27. Bd2 Bc5 28. Be3 Bd6 29. g3 Be6 30. h4 Bc4 31. Bb6 Bb3 32.
Ne3 Be5 33. Ng4 Bg7 34. Bd4 Bf8 35.
Kd2 Bc4 36. Ne5+ Ke6 37. Nxc4 bxc4 38. a4 Kd5 39. Kc2 e6 40. b3 Be7 41. Be3 cxb3+ 42. Kxb3 Bd6 43. a5 Be7 44. Bb6 Bd6 45. c4+ Kc6 46. Kc3 Be5+ 47. Kd2 Bc7 48. Bxc7 Kxc7 49. Ke3 Kc6 50. Kxe4 Kc5 51. Ke5 Kxc4 52. Kxe6 Kb5 53. g4 Kxa5 54. f4 b5 55. Kd5 b4 56. Kc4 Ka4 57.
f5 gxf5 58. gxf5 b3 59. Kc3 Ka3 60. f6 b2 61. f7 b1=Q 62. f8=Q+ Ka4 63. Qa8+ Kb5 64. Qb8+ Kc5 65. Qxb1 Kd5 66. Qxh7 1-0

[Event "Early-Titled-Tuesday-Blitz-February-27-2024"]
[Site "Chess.com"]
[Date "2024.02.27"]
[Round "1"]
[White "Bastiandash"]
[Black "EdmundPlayer"]
[Result "1-0"]
[WhiteElo "2611"]
[BlackElo "2273"]
[TimeControl "180+1"]
[EndTime "8:07:24 PST"]
[Termination "Bastiandash won by resignation"]

1. e4 c6 2. d4 d5 3. f3 e6 4. Nc3 Nf6 5. Nge2 Bb4 6. Qd3 O-O 7.
a3 Ba5 8. Bg5 h6 9. Bh4 dxe4 10.
fxe4 e5 11. dxe5 Qxd3 12. cxd3 Ng4 13. d4 Ne3 14. Kd2 Nc4+ 15. Kc2 c5 16. Nd5 Nc6 17.
dxc5 N4xe5 18. b4 Bd8 19. Bxd8 Rxd8 20. Nec3 f5 21. exf5 Nd4+ 22. Kb2 Bxf5 23. Re1 Nec6 24. Bc4 Kh8 25. Rhf1 Bg6 26. Ne7 Nxe7 27. Rxe7 Nc2 28.
Rf2 Nd4 29. Bf7 Bxf7 30. Rfxf7 Rg8 31. Rxb7 a5 32. b5 a4 33. c6 Rae8 34. Rbe7 Rd8 35. Rd7 Rde8 36. Rxd4 Re2+ 37. Nxe2 1-0

[Event "Early-Titled-Tuesday-Blitz-February-27-2024"]
[Site "Chess.com"]
[Date "2024.02.27"]
[Round "1"]
[White "Practical-Play"]
[Black "campochess"]
[Result "1-0"]
[WhiteElo "2582"]
[BlackElo "2179"]
[TimeControl "180+1"]
[EndTime "8:07:24 PST"]
[Termination "Practical-Play won on time"]

1. d4 b6 2. e4 e6 3. Bd3 Ba6 4.
c4 Nf6 5. e5 Ng8 6. Nc3 Nc6 7.
Nf3 Bb4 8. O-O Bxc3 9. bxc3 Nge7 10. Nd2 d5 11. Qg4 Kf8 12. Rd1 Na5 13. Nf3 Bxc4 14.
Bc2 Rc8 15. Qf4 Kg8 16. h4 c5 17. h5 h6 18. Qg4 Kf8 19. Nh4 cxd4 20. cxd4 Nac6 21.
Ba3 a5 22. Re1 Nb4 23. Bb1 Rg8 24. Re3 Ke8 25. Rf3 Be2 26. Bh7 Bxf3 27. gxf3 Rc3 28. Bc1 Qc8 29. Bxg8 Rxc1+ 30. Rxc1 Qxc1+ 31. Kh2 Nxg8 32. Qxg7 Ne7 33. Qh8+ Kd7 34. Qf6 1-0

[Event "Early-Titled-Tuesday-Blitz-February-27-2024"]
[Site "Chess.com"]
[Date "2024.02.27"]
[Round "1"]
[White "Klavdia_Nik"]
[Black "Chess_Gainz"]
[Result "1-0"]
[WhiteElo "2134"]
[BlackElo "2548"]
[TimeControl "180+1"]
[EndTime "8:07:25 PST"]
[Termination "Klavdia_Nik won by resignation"]

1. Nf3 d6 2. d4 Nf6 3. c4 g6 4. Nc3 Bg7 5. e4 O-O 6. g3 e5 7. Bg2 Nc6 8. d5 Nd4 9. Nxd4 exd4 10.
Ne2 Re8 11. Bg5 h6 12. Bxf6 Qxf6 13. O-O a6 14. Qd3 b5 15. Rac1 Bd7 16. c5 h5 17.
Rfd1 h4 18. Nxd4 h3 19. Bf1 dxc5 20. Rxc5 Qd6 21. b4 Rac8 22. f4 Bg4 23. Rdc1 Qf6 24. e5 Qe7 25. Be2 Bxe2 26. Qxe2 Red8 27. Qg4 Qe8 28.
Qxh3 f6 29. Qe6+ Qxe6 30. Nxe6 fxe5 31. Nxd8 Rxd8 32. Rxc7 exf4 33. Rc8 Rxc8 34. Rxc8+ Kf7 35. gxf4 Bd4+ 36. Kg2 Kf6 37. Kf3 1-0

[Event "Early-Titled-Tuesday-Blitz-February-27-2024"]
[Site "Chess.com"]
[Date "2024.02.27"]
[Round "1"]
[White "maciek_92"]
[Black "Fluffey"]
[Result "0-1"]
[WhiteElo "2834"]
[BlackElo "2520"]
[TimeControl "180+1"]
[EndTime "8:07:26 PST"]
[Termination "Fluffey won by checkmate"]

1. c4 c5 2. Nc3 Nc6 3. Nf3 g6 4. d4 cxd4 5. Nxd4 Bg7 6. Nc2 d6 7. e4 Bxc3+ 8. bxc3 Nf6 9. f3 Qa5 10. Rb1 O-O 11. Be2 b6 12. O-O Qxc3 13. Bd2 Qe5 14.
Rb5 Qe6 15. Bh6 Re8 16. Ne3 Ba6 17. Rg5 Rac8 18. Qa4 Na5 19. Rc1 Qd7 20. Qb4 Rc5 21.
Nd5 Nxd5 22. exd5 Rec8 23. Rg4 Qf5 24. Re4 R5c7 25. Bd3 Qf6 26. h4 Qh8 27. Rce1 Nxc4 28. Bxc4 Rxc4 29. Qa3 Rxe4 30. Rxe4 Qa1+ 31. Kh2 Bf1 32.
Rxe7 Bxg2 33. Kxg2 Rc2+ 34. Kg3 Qg1+ 35. Kf4 Qh2+ 36.
Ke4 Qxh4+ 37. Kd3 Qc4+ 38. Ke3 Re2# 0-1

[Event "Early-Titled-Tuesday-Blitz-February-27-2024"]
[Site "Chess.com"]
[Date "2024.02.27"]
[Round "1"]
[White "NevorLegov"]
[Black "124chess"]
[Result "1/2-1/2"]
[WhiteElo "2871"]
[BlackElo "2499"]
[TimeControl "180+1"]
[EndTime "8:07:27 PST"]
[Termination "Game drawn - insufficient material"]

1. Nf3 e6 2. c4 d5 3. d4 c6 4. Bf4 dxc4 5. e3 b5 6. a4 Bb7 7.
Nc3 a6 8. Be2 Nf6 9. Ne5 Nbd7 10. Bf3 Nd5 11. O-O Bb4 12. Ne4 O-O 13. Qc2 f6 14. Nxd7 Qxd7 15. b3 cxb3 16. Qxb3 Be7 17.
Rfc1 b4 18. a5 Rac8 19. Bg3 Ba8 20. Nc5 Bxc5 21. Rxc5 f5 22. Be5 Qb7 23. h3 Rfe8 24. e4 fxe4 25. Bxe4 Nf6 26. Bf3 Nd7 27. Rc4 Nxe5 28.
dxe5 Rb8 29. Rb1 Qc7 30. Rxb4 Rxb4 31. Qxb4 Qxe5 32. Qb6 c5 33. Bxa8 Rxa8 34. Qc6 Qd5 35. Qc7 Rd8 36. g3 Qd6 37. Qa7 Qc6 38. Qe7 Re8 39.
Rb6 Rxe7 40. Rxc6 Rb7 41. Rxe6 Rb1+ 42. Kg2 Ra1 43. Rxa6 h6 44. Ra8+ Kh7 45. a6 c4 46.
Rc8 Rxa6 47. Rxc4 Ra2 48. h4 Ra3 49. h5 Ra1 50. Rc7 Ra5 51. g4 Ra3 52. f3 Ra4 53. Kg3 Rb4 54. Re7 Ra4 55. Re4 Ra5 56. f4 Ra3+ 57.
Kh4 Ra1 58. g5 hxg5+ 59. fxg5 Rh1+ 60. Kg4 Rg1+ 61. Kf5 Rf1+ 62. Rf4 Ra1 63. Kg4 Rg1+ 64. Kf5 g6+ 65. Kf6 gxh5 66. Rf3 h4 67. Rf4 h3 68. Rh4+ Kg8 69. Rxh3 Rf1+ 70. Kg6 Ra1 71. Rf3 Ra6+ 72.
Rf6 Ra8 73. Rc6 Re8 74. Rc7 Ra8 75. Kh6 Ra6+ 76. g6 Ra8 77. Rg7+ Kh8 78. Rh7+ Kg8 79. Rf7 Rb8 80. Rf6 Rc8 81. g7 Rd8 82. Kg6 Re8 83.
Rf8+ Rxf8 84. gxf8=Q+ Kxf8 1/2-1/2

[Event "Early-Titled-Tuesday-Blitz-February-27-2024"]
[Site "Chess.com"]
[Date "2024.02.27"]
[Round "1"]
[White "Janosik"]
[Black "toninhojit"]
[Result "1-0"]
[WhiteElo "2852"]
[BlackElo "2482"]
[TimeControl "180+1"]
[EndTime "8:07:27 PST"]
[Termination "Janosik won on time"]

1. d4 Nf6 2. c4 c5 3. d5 e6 4. Nc3 exd5 5. cxd5 d6 6. Nf3 g6 7. Nd2 Nbd7 8. e4 Bg7 9. Be2 O-O 10. O-O a6 11. a4 g5 12. Nc4 Ne8 13. f4 gxf4 14. Bxf4 Qe7 15. Bg4 Ne5 16. Bxe5 Bxe5 17. Kh1 Bxg4 18.
Qxg4+ Kh8 19. Rf3 Nf6 20. Qf5 Nd7 21. Raf1 f6 22. Ne3 Bxc3 23. bxc3 Ne5 24. Rh3 Rf7 25. Rh6 b5 26. axb5 axb5 27. h3 b4 28. cxb4 cxb4 29.
Rb1 Rb8 30. Rb3 Nd7 31. Qh5 Nc5 32. Nf5 Qf8 33. Nxd6 Rg7 34. Rg3 b3 35. Rxg7 Qxg7 36. Nf5 Qd7 37. Qh4 Rf8 38. Rxf6 Rg8 39. Rd6 Qf7 40.
Rb6 Nxe4 41. Qxe4 Re8 42. Qd4+ 1-0

[Event "Early-Titled-Tuesday-Blitz-February-27-2024"]
[Site "Chess.com"]
[Date "2024.02.27"]
[Round "1"]
[White "nihalsarin"]
[Black "Bilan_Danila"]
[Result "1-0"]
[WhiteElo "3202"]
[BlackElo "2541"]
[TimeControl "180+1"]
[EndTime "8:07:28 PST"]
[Termination "nihalsarin won by resignation"]

1. d4 d5 2. c4 c6 3. Nf3 Nf6 4. e3 g6 5. Be2 Bg7 6. O-O O-O 7.
Nc3 Ne4 8. Bd2 Nxd2 9. Qxd2 Bf5 10.
Rac1 dxc4 11. Bxc4 Nd7 12. h3 e5 13. Rfd1 exd4 14. Nxd4 Ne5 15. Nxf5 Qxd2 16. Rxd2 Nxc4 17. Ne7+ Kh8 18. Rd7 Rab8 19. Na4 Rfd8 20. Rxd8+ Rxd8 21. Rxc4 b5 22. Rxc6 bxa4 23. Ra6 Rd7 24. Nc8 Bxb2 25.
Rxa4 Rd1+ 26. Kh2 Be5+ 27. f4 Bf6 28. Rxa7 Kg7 29. Ra6 h5 30. Nd6 Bh4 31. Nc4 Be1 32. g4 h4 33. Ra7 Rc1 34. Ne5 Rc2+ 35. Kh1 Bg3 36. Rxf7+ Kg8 37. Rf6 Rxa2 38. Rxg6+ Kh7 39. Rg5 Re2 40. Nf3 Rxe3 41. Nxh4 Bxf4 42. Rh5+ Kg8 43.
Nf5 Rd3 44. Kg2 Kf7 45. Rh7+ Kf6 46. Rb7 Rd2+ 47. Kf3 Be5 48. Rb6+ Kf7 49. g5 Bh8 50. g6+ Kg8 51. Rb8+ 1-0

[Event "Early-Titled-Tuesday-Blitz-February-27-2024"]
[Site "Chess.com"]
[Date "2024.02.27"]
[Round "1"]
[White "Oleksandr_Bortnyk"]
[Black "VinzentSpitzl"]
[Result "1-0"]
[WhiteElo "3055"]
[BlackElo "2533"]
[TimeControl "180+1"]
[EndTime "8:07:28 PST"]
[Termination "Oleksandr_Bortnyk won on time"]

1. e4 c6 2. c4 d5 3. cxd5 cxd5 4.
exd5 Nf6 5. Qa4+ Bd7 6. Qb3 Qb6 7. Bc4 Qxb3 8. Bxb3 Na6 9. Nc3 Nc5 10. Bc4 Rb8 11.
d4 Nce4 12. Nge2 Nd6 13. Bf4 Rc8 14. Bd3 g6 15. Be5 Bg7 16. O-O O-O 17. b3 b5 18. Bxd6 exd6 19. Bxb5 Bxb5 20. Nxb5 Nxd5 21. Rac1 Rxc1 22. Rxc1 Re8 23. Kf1 Nb4 24. Nxd6 Rd8 25. Rc8 Rxc8 26. Nxc8 a6 27. a4 Kf8 28. Nb6 Ke7 29.
Nc4 Nc2 30. d5 Nb4 31. d6+ Kd7 32. Nc1 Bd4 33. Ke2 Nd5 34. Nd3 Nc3+ 35. Kf3 f6 36.
Nb4 a5 37. Nd3 h6 38. h4 g5 39. hxg5 hxg5 40. g4 Na2 41. Ke4 Bc3 42. Kd5 Nb4+ 43. Nxb4 Bxb4 44. Nb6+ Kd8 45. f3 1-0

[Event "Early-Titled-Tuesday-Blitz-February-27-2024"]
[Site "Chess.com"]
[Date "2024.02.27"]
[Round "1"]
[White "Juicy_Fork"]
[Black "Zhigalko_Sergei"]
[Result "1-0"]
[WhiteElo "2525"]
[BlackElo "2907"]
[TimeControl "180+1"]
[EndTime "8:07:28 PST"]
[Termination "Juicy_Fork won on time"]

1. e4 c5 2. Nf3 Nc6 3. Bb5 Nf6 4.
Nc3 Qc7 5. O-O Nd4 6. Bc4 e6 7. d3 a6 8. a4 Be7 9. Re1 d6 10.
Bf4 Nxf3+ 11. Qxf3 Nd7 12. Qg3 O-O 13. e5 dxe5 14. Bh6 Bf6 15. Ne4 Qd8 16. Re3 Kh8 17. Bg5 Be7 18. Rf3 f5 19. Bxe7 Qxe7 20. Qg5 Nf6 21. Nc3 Bd7 22. Re1 Bc6 23. Rfe3 h6 24. Qh4 e4 25. dxe4 f4 26. Rf3 e5 27. Nd5 Nxd5 28.
exd5 Qxh4 29. dxc6 bxc6 30. Rxe5 Rae8 31. Rxe8 Rxe8 32.
h3 Re1+ 33. Kh2 1-0

[Event "Early-Titled-Tuesday-Blitz-February-27-2024"]
[Site "Chess.com"]
[Date "2024.02.27"]
[Round "1"]
[White "GelmanAlexander"]
[Black "koncheto"]
[Result "0-1"]
[WhiteElo "2738"]
[BlackElo "2447"]
[TimeControl "180+1"]
[EndTime "8:07:28 PST"]
[Termination "koncheto won on time"]

1. d4 Nf6 2. Nc3 d5 3. Bf4 Bf5 4. f3 h5 5. e3 a6 6. Bd3 Bxd3 7. Qxd3 e6 8. Nh3 c5 9. Ng5 Nc6 10. a3 Bd6 11. dxc5 Bxc5 12. O-O-O b5 13. e4 d4 14. Ne2 Rc8 15. Kb1 b4 16. a4 Qb6 17. Nc1 e5 18.
Bd2 Be7 19. f4 Ng4 20. Qf3 exf4 21. Bxf4 Nge5 22. Bxe5 Nxe5 23. Qf5 Qc7 24. Rd2 Nc4 25. Rf2 Bxg5 26. Qxg5 g6 27. Rhf1 O-O 28. Rxf7 Rxf7 29.
Qxg6+ Rg7 30. Qe6+ Kh7 31. Rf6 Kh8 32. Rh6+ Rh7 33. Rg6 Rf8 34. b3 Ne3 0-1

[Event "Early-Titled-Tuesday-Blitz-February-27-2024"]
[Site "Chess.com"]
[Date "2024.02.27"]
[Round "1"]
[White "regenda"]
[Black "betta2004"]
[Result "1-0"]
[WhiteElo "2265"]
[BlackElo "2591"]
[TimeControl "180+1"]
[EndTime "8:07:28 PST"]
[Termination "regenda won by checkmate"]

1. e4 e5 2. Nf3 Nf6 3. Nc3 Bc5 4. Bc4 d6 5. h3 O-O 6. d3 c6 7. a3 a5 8. O-O Nbd7 9. Be3 h6 10. Qd2 b5 11. Bb3 Nh7 12. Ne2 Bxe3 13. Qxe3 Ng5 14.
Ng3 g6 15. Nh4 Kg7 16. Nhf5+ gxf5 17. Nxf5+ Kh7 18. h4 Nc5 19. hxg5 Bxf5 20. exf5 Qxg5 21. Ba2 Qxf5 22. f4 e4 23. b4 axb4 24. axb4 Nd7 25. dxe4 Qf6 26. c3 Ra3 27. Be6 Rxc3 28. Bf5+ Kh8 29.
Qd2 Nb6 30. e5 Qxf5 31. Qxc3 Nc4 32. exd6+ f6 33. Rad1 Rd8 34. d7 Rxd7 35. Rxd7 Qxd7 36. Qxf6+ Kg8 37. Re1 Nd6 38. Re7 Ne4 39. Qg7# 1-0

[Event "Early-Titled-Tuesday-Blitz-February-27-2024"]
[Site "Chess.com"]
[Date "2024.02.27"]
[Round "1"]
[White "jraosam"]
[Black "EvilMorty23"]
[Result "0-1"]
[WhiteElo "1910"]
[BlackElo "2544"]
[TimeControl "180+1"]
[EndTime "8:07:29 PST"]
[Termination "EvilMorty23 won by resignation"]

1. Nf3 Nf6 2. c4 e6 3. e3 d5 4.
b3 Be7 5. Bb2 O-O 6. Be2 b6 7. O-O Bb7 8. cxd5 Nxd5 9. Nc3 Bf6 10. d4 c5 11. Rc1 Nd7 12. Qd2 Rc8 13. Rfd1 Qe7 14. dxc5 Nxc5 15. Nb5 a6 16. Bxf6 gxf6 17. Nbd4 Kh8 18. Qb2 Rg8 19. Kh1 Ne4 20. Bd3 Ndc3 21.
Rf1 Rg7 22. Bxe4 Nxe4 23. Rxc8+ Bxc8 24. Qc2 Bb7 25. Ne2 f5 26. Ng3 h6 27. Nxe4 Bxe4 28. Qe2 Qb7 29. Rg1 Kh7 30. Ne1 b5 31. f3 Bd5 32. Nd3 Rg5 33. Nf4 Bc6 34. h4 Rg7 35. Kh2 Qc7 36. Qc2 Qd6 37. Rd1 Bd5 38. Kh1 Qd8 39. Nxd5 Qxh4+ 40. Kg1 exd5 41. Qxf5+ Kg8 42. Rxd5 Rg6 43. Rd8+ Qxd8 0-1

[Event "Early-Titled-Tuesday-Blitz-February-27-2024"]
[Site "Chess.com"]
[Date "2024.02.27"]
[Round "1"]
[White "noblerone"]
[Black "GM_Levan_Pantsulaia"]
[Result "0-1"]
[WhiteElo "2518"]
[BlackElo "2957"]
[TimeControl "180+1"]
[EndTime "8:07:30 PST"]
[Termination "GM_Levan_Pantsulaia won by resignation"]

1. d4 c5 2. e3 Nf6 3. Nf3 g6 4. b3 Bg7 5. Bb2 O-O 6. Be2 b6 7. O-O Bb7 8. c4 e6 9. dxc5 bxc5 10.
Nc3 d6 11. Nb5 Ne8 12. Bxg7 Kxg7 13. Qd2 a6 14. Qb2+ Qf6 15. Qxf6+ Kxf6 16. Nc3 Nc6 17.
Rfd1 Ke7 18. Rd2 f5 19. Rad1 Rd8 20. h4 h6 21. Na4 Nf6 22. Ne1 g5 23. hxg5 hxg5 24.
f3 f4 25. exf4 gxf4 26. Nd3 e5 27. Nf2 Nd4 28. Bd3 Rg8 29. Kf1 Nh5 30. Ne4 Bxe4 31.
Bxe4 Ng3+ 32. Kf2 Nxe4+ 33. fxe4 Rg3 34. Rh1 Rdg8 35. Rh7+ Ke8 36. Rh2 f3 37. Kf1 Rf8 38. Rf2 Nc2 39. Nb6 Ne3+ 40. Kg1 Ng4 41. Rh3 Rxh3 42.
gxh3 Nxf2 43. Kxf2 Rh8 44. Nd5 Rxh3 45. Nc7+ Kd7 46.
Nxa6 Rh2+ 47. Kxf3 Rxa2 48. Nb8+ Kc7 0-1

[Event "Early-Titled-Tuesday-Blitz-February-27-2024"]
[Site "Chess.com"]
[Date "2024.02.27"]
[Round "1"]
[White "Beca95"]
[Black "TitarovVasiliYouTube"]
[Result "0-1"]
[WhiteElo "2896"]
[BlackElo "2524"]
[TimeControl "180+1"]
[EndTime "8:07:30 PST"]
[Termination "TitarovVasiliYouTube won by resignation"]

1. d4 d5 2. c4 e6 3. Nf3 Nf6 4. Nc3 a6 5. cxd5 exd5 6. Bg5 Be6 7. Bxf6 Qxf6 8. Qb3 Ra7 9. O-O-O Qd8 10. h4 Be7 11. g3 c6 12. Bh3 Bxh3 13. Rxh3 Nd7 14. Qc2 Nf6 15. Ne5 O-O 16. g4 Nd7 17. Nf3 a5 18. e4 dxe4 19. Nxe4 Nb6 20. Nfg5 g6 21. Nf3 Qd5 22. Nc3 Qd6 23. Ne5 Bf6 24. f4 Bxe5 25.
fxe5 Qe6 26. Ne4 Nd5 27. Rg1 Nb4 28. Qe2 Qxa2 29. Ra3 Qe6 30. h5 Rd8 31. Nf6+ Kg7 32. hxg6 fxg6 33. Rh1 h6 34. Rxh6 Kxh6 35. Rh3+ Kg7 36.
Rh7+ Kf8 37. Qf1 Nd3+ 38. Qxd3 Qa2 39. Qf1 Qa1+ 40. Kc2 Qxf1 41. Rh8+ Ke7 42. Rh7+ Ke6 43. d5+ cxd5 0-1

[Event "Early-Titled-Tuesday-Blitz-February-27-2024"]
[Site "Chess.com"]
[Date "2024.02.27"]
[Round "1"]
[White "Savagelittlemole"]
[Black "GMSrinath"]
[Result "0-1"]
[WhiteElo "2451"]
[BlackElo "2797"]
[TimeControl "180+1"]
[EndTime "8:07:30 PST"]
[Termination "GMSrinath won by resignation"]

1. e4 c5 2. Nf3 d6 3. Bb5+ Bd7 4. Bxd7+ Nxd7 5. c3 Ngf6 6. Qe2 e6 7. O-O Be7 8.
d4 O-O 9. Rd1 cxd4 10. cxd4 d5 11. e5 Ne4 12. Nbd2 Nxd2 13. Bxd2 Rc8 14. Rac1 Qb6 15.
Bc3 Nb8 16. Nd2 Nc6 17. Nb3 a5 18. Qd2 a4 19. Na5 Nb4 20. a3 Na2 21. Rc2 Nxc3 22. Rxc3 Rxc3 23. Qxc3 Ra8 24. b4 axb3 25. Nxb3 Bxa3 26.
g3 Bf8 27. Nd2 Ra3 28. Qc2 Qxd4 29. Nb1 Ra2 30. Qxa2 Qxd1+ 31. Kg2 d4 32. Qb2 Qe1 33. Nd2 Qxe5 34. Nf3 Qd5 35. Qxd4 Qxd4 36. Nxd4 Bc5 37. Nb3 b6 38. f4 Kf8 39. Kf3 Ke7 40. Ke4 Kd6 41. g4 g6 42. g5 Bg1 43. h3 b5 44.
Nd2 Kc5 45. Nf3 Bf2 46. Ne5 Bg3 47. Nxf7 b4 48. Nd8 Kc4 49. Nxe6 b3 50. Nd4 b2 51.
Nf3 b1=Q+ 52. Ke5 Qf5+ 0-1

[Event "Early-Titled-Tuesday-Blitz-February-27-2024"]
[Site "Chess.com"]
[Date "2024.02.27"]
[Round "1"]
[White "Fjal"]
[Black "Pelusiansky"]
[Result "0-1"]
[WhiteElo "2217"]
[BlackElo "2595"]
[TimeControl "180+1"]
[EndTime "8:07:30 PST"]
[Termination "Pelusiansky won on time"]

1. Nf3 Nf6 2. g3 d5 3. Bg2 e6 4. O-O Be7 5. d3 O-O 6. Nbd2 b6 7. e4 Bb7 8. e5 Nfd7 9. Re1 c5 10. Nf1 Nc6 11. h4 b5 12. N1h2 Re8 13. h5 Bf8 14. Ng4 a5 15. h6 g6 16. Bg5 Be7 17.
Qd2 b4 18. Qf4 Rf8 19. c3 a4 20. a3 bxc3 21. bxc3 Na5 22. Bxe7 Qxe7 23. Qxa4 Bc6 24.
Qf4 Nb3 25. Ra2 Ra4 26. d4 Rfa8 27. Rb1 c4 28. Ng5 Rxa3 29. Rxa3 Rxa3 30. Kh2 Ra8 31.
Bf3 Rf8 32. Bd1 f6 33. exf6 Nxf6 34. Kg2 Ne4 35. Qxf8+ Qxf8 36. Nxe6 Qf5 37. Bxb3 cxb3 38. Rxb3 Qxe6 39. Rb8+ Be8 40. Ne5 Nd6 41. f4 Qf5 0-1

[Event "Early-Titled-Tuesday-Blitz-February-27-2024"]
[Site "Chess.com"]
[Date "2024.02.27"]
[Round "1"]
[White "annacramling"]
[Black "deribas12345"]
[Result "0-1"]
[WhiteElo "2109"]
[BlackElo "2561"]
[TimeControl "180+1"]
[EndTime "8:07:30 PST"]
[Termination "deribas12345 won on time"]

1. d4 Nf6 2. c4 c5 3. d5 b5 4. cxb5 a6 5. Nc3 axb5 6. e4 b4 7. Nb5 d6 8. Bc4 Nbd7 9. Nf3 Nb6 10. Qe2 Nxc4 11. Qxc4 Ba6 12. a4 Qa5 13. Nfd4 g6 14.
O-O Bg7 15. Nc6 Bxb5 16. Nxa5 Bxc4 17. Nxc4 O-O 18. Re1 Rfb8 19. Bd2 Kf8 20. a5 Nd7 21.
f4 Ra6 22. e5 Bh6 23. Re2 Rba8 24. b3 Bg7 25. Rae1 h5 26. g3 Kg8 27. e6 fxe6 28.
Rxe6 Nf6 29. Rxe7 Nxd5 30. Rd7 Bc3 31. Bxc3 bxc3 32. Rc1 Re8 33. Kf1 Re4 34. Rxd6 Ne3+ 0-1

[Event "Early-Titled-Tuesday-Blitz-February-27-2024"]
[Site "Chess.com"]
[Date "2024.02.27"]
[Round "1"]
[White "ChessboArt"]
[Black "Sadykov_Ramil"]
[Result "1-0"]
[WhiteElo "2264"]
[BlackElo "2591"]
[TimeControl "180+1"]
[EndTime "8:07:31 PST"]
[Termination "ChessboArt won by resignation"]

1. Nf3 d6 2. g3 e5 3. d3 g6 4. Bg2 Bg7 5. c4 f5 6. Nc3 Nf6 7. O-O O-O 8. Rb1 a5 9. a3 h6 10. b4 axb4 11. axb4 c6 12. Bb2 Be6 13. Ra1 Rxa1 14. Qxa1 Na6 15. b5 Nc5 16. Nd2 Qb6 17.
Rb1 Nfd7 18. bxc6 bxc6 19. Na4 Qc7 20. Nxc5 Nxc5 21. d4 Nd7 22. d5 cxd5 23. cxd5 Bf7 24. Rc1 Nc5 25. Nc4 Rc8 26. Ba3 Qd8 27. Qb1 Rb8 28. Qc2 e4 29. Nxd6 Qxd6 30. Qxc5 Qxd5 31. Qxd5 Bxd5 32. Bd6 Rd8 33. Bf4 Ra8 34. h4 Ra2 35.
Bf1 Be6 36. Rc7 Rb2 37. Rxg7+ Kxg7 38. Be5+ Kf7 39. Bxb2 g5 40. hxg5 hxg5 41. Bc1 g4 42. Kg2 Bc4 43. Bf4 Bd5 44. e3 Ke6 45. Bb5 Kf6 46. Kf1 Ke6 47. Ke2 Kf6 48. Kd2 Bb3 49. Kc3 Bd5 50. Bc4 Bb7 51. Kd4 Bc6 52. Bd5 Kg6 53. Bxc6 1-0

[Event "Early-Titled-Tuesday-Blitz-February-27-2024"]
[Site "Chess.com"]
[Date "2024.02.27"]
[Round "1"]
[White "phantom19801127"]
[Black "Elsa167"]
[Result "1-0"]
[WhiteElo "2515"]
[BlackElo "2876"]
[TimeControl "180+1"]
[EndTime "8:07:33 PST"]
[Termination "phantom19801127 won on time"]

1. d4 Nf6 2. c4 g6 3. h4 d6 4. Nc3 Bg7 5. e4 Nc6 6. d5 Ne5 7. Be2 h5 8. Nf3 Nxf3+ 9. gxf3 c6 10. Be3 Qa5 11. Qd2 cxd5 12. cxd5 Bd7 13. Rc1 Rc8 14. Kf1 O-O 15. Kg1 e6 16. dxe6 Bxe6 17. Kg2 Rfd8 18.
Rhd1 Kh7 19. Bg5 Rd7 20. b3 Kh8 21. Bxf6 Bxf6 22. Qh6+ Kg8 23. Nd5 Bg7 24. Rxc8+ Rd8 25. Rxd8+ Qxd8 26. Qg5 Qa5 27. a4 Be5 28. Bc4 Kg7 29.
Qe7 a6 30. f4 Bb2 31. e5 dxe5 32. Qf6+ Kh7 33. fxe5 b5 34. axb5 axb5 35. Bd3 Bxd5+ 36.
f3 Qa8 37. Be4 Bxe4 38. Qxf7+ Kh8 39. Qf6+ Kg8 40. Rd8+ 1-0

[Event "Early-Titled-Tuesday-Blitz-February-27-2024"]
[Site "Chess.com"]
[Date "2024.02.27"]
[Round "1"]
[White "AradNazari"]
[Black "ajian"]
[Result "0-1"]
[WhiteElo "2791"]
[BlackElo "2471"]
[TimeControl "180+1"]
[EndTime "8:07:33 PST"]
[Termination "ajian won on time"]

1. e4 c5 2. Nf3 Nc6 3. Bb5 e6 4.
Bxc6 bxc6 5. O-O Ne7 6. c3 d5 7.
Re1 Ng6 8. d4 Be7 9. b3 O-O 10.
Ba3 cxd4 11. cxd4 Bxa3 12. Nxa3 Qa5 13. Qc1 Ba6 14. Nc2 Rac8 15. Qd2 Qb6 16. Nb4 Rfd8 17. exd5 cxd5 18. Nxa6 Qxa6 19. Rac1 Ne7 20. h3 Nf5 21. Rxc8 Rxc8 22. Rc1 h6 23. Rxc8+ Qxc8 24. g4 Nd6 25. a4 Ne4 26. Qb2 a5 27. Nd2 Nc3 28. Nc4 Nd1 29. Nd6 Qb8 30. Qd2 Qxb3 31. Qxa5 Qc2 32. Qd8+ Kh7 33.
Qh4 Qxa4 34. Nxf7 Qxd4 35. Ng5+ Kg6 36. Qh5+ Kf6 37. Nf3 Qxf2+ 0-1

[Event "Early-Titled-Tuesday-Blitz-February-27-2024"]
[Site "Chess.com"]
[Date "2024.02.27"]
[Round "1"]
[White "Gabrielian_Artur"]
[Black "ElVital"]
[Result "1-0"]
[WhiteElo "2779"]
[BlackElo "2442"]
[TimeControl "180+1"]
[EndTime "8:07:33 PST"]
[Termination "Gabrielian_Artur won by checkmate"]

1. e4 c5 2. Nf3 d6 3. d4 cxd4 4. Nxd4 Nf6 5. Nc3 g6 6. Be3 a6 7.
f3 Bg7 8. Qd2 h5 9. Be2 Nbd7 10.
O-O O-O 11. a4 b6 12. Nd5 Bb7 13. c4 e6 14. Nc3 Ne5 15. Rfd1 Rc8 16. b3 d5 17. f4 Neg4 18. e5 Ne4 19. Nxe4 dxe4 20. Bxg4 hxg4 21. Qf2 Qe7 22. Ne2 Qb4 23. Rab1 b5 24.
cxb5 axb5 25. Rd4 Qa3 26. axb5 Rc2 27. Ra4 Qe7 28. Rc4 Rc8 29. Rxc8+ Rxc8 30. Rc1 Rxc1+ 31. Nxc1 Qb4 32. Qe2 Bd5 33. b6 Bf8 34. Kf2 Bc5 35. Bxc5 Qxc5+ 36. Qe3 Qc2+ 37. Kg3 Qd1 38. b4 Qc2 39.
Ne2 Qb2 40. Kxg4 Qxb4 41. Ng3 Kg7 42. h4 Qb2 43. Kh3 f6 44. exf6+ Qxf6 45. Qc1 e5 46. Qc7+ Kh6 47. Qxe5 Be6+ 48. Kh2 Qxh4+ 49. Kg1 Qxg3 50.
Qh8# 1-0